 Dungeon Crawl Stone Soup version 0.30-a0-1066-g63dfefce0d (webtiles) character file.

Game seed: 17180189249052069717

82 qeuew the Ducker (level 4, 0/27 HPs)
             Began as a Tengu Gladiator on Apr 12, 2023.
             Slain by a cerulean imp
             ... wielding a +0 spear
             ... summoned by Natasha
              (5 damage)
             ... on level 3 of the Dungeon.
             The game lasted 00:02:06 (1476 turns).

qeuew the Ducker (Tengu Gladiator)                  Turns: 1476, Time: 00:02:08

Health: 0/27       AC:  3    Str: 14    XL:     4   Next: 43%
Magic:  5/5        EV: 13    Int:  9    God:
Gold:   140        SH:  0    Dex: 17    Spells: 3/3 levels left

rFire   . . .      SeeInvis .    a - +0 long sword
rCold   + . .      Faith    .    (no shield)
rNeg    . . .      Spirit   .    b - +0 leather armour
rPois   .          Reflect  .    c - +0 hat
rElec   .          Rampage  .    (no cloak)
rCorr   .                        (no gloves)
Will    .....                    (boots unavailable)
Stlth   +                        (no amulet)
HPRegen 0.24/turn                n - ring of protection from cold
MPRegen 0.09/turn                (no ring)

@: slowed, very slow
A: beak, talons 3
a: no special abilities


You were on level 3 of the Dungeon.
You visited 1 branch of the dungeon, and saw 3 of its levels.

You collected 140 gold pieces.

Inventory:

Hand Weapons
 a - a +0 long sword (weapon)
Missiles
 d - 2 throwing nets (quivered)
 e - a javelin
Armour
 b - a +0 leather armour (worn)
 c - a +0 hat (worn)
Jewellery
 n - a ring of protection from cold (left hand)
Wands
 j - a wand of flame (20)
 o - a wand of digging (1)
Scrolls
 f - a scroll of blinking
 g - a scroll of teleportation
 h - a scroll of enchant weapon
 k - a scroll of butterflies {unknown}
 p - 2 scrolls of enchant armour {unknown}
Potions
 i - a potion of mutation
 l - a potion of cancellation {unknown}
 m - a potion of curing


   Skills:
 * Level 2.5 Fighting
 * Level 3.8 Long Blades
 * Level 2.6 Throwing
 + Level 1.1 Armour
 * Level 4.0 Dodging
 + Level 0.4 Evocations


You had 3 spell levels left.
You didn't know any spells.
Your spell library contained the following spells:

 Spells                   Type           Power      Damage    Failure   Level
 Apportation              Tloc           0%         N/A       45%         1
 Kiss of Death            Conj/Necr      0%         2d5       45%         1
 Necrotise                Necr           0%         1d4       45%         1
 Summon Small Mammal      Summ           0%         N/A       45%         1
 Confusing Touch          Hex            0%         N/A       83%         3
 Dispel Undead            Necr           0%         3d6       99%         4


Dungeon Overview and Level Annotations

Branches:
Dungeon (3/15)

Altars:
Xom

Annotations:
D:3 Natasha


Innate Abilities, Weirdness & Mutations

You have a beak for a mouth.
You have claws for feet.


Message History

There is an open door here.
You pick up a book of Touch and begin reading...
You add the spells Kiss of Death, Confusing Touch and Dispel Undead to your library.
Natasha, Servant of Life and Death comes into view.
Natasha hisses angrily.
Natasha is nearby!
Natasha mumbles some strange words.
Found 5 gold pieces.
Natasha casts a spell at you. The magic dart hits you.
Natasha mumbles some strange words.
Found a battleaxe.
The cerulean imp hits you but does no damage.
Natasha claws you but does no damage.
The cerulean imp hits you with a +0 spear.
You barely miss the cerulean imp.
The cerulean imp hits you with a +3 spear.
Natasha casts a spell at you.
You feel yourself slow down.
The cerulean imp hits you but does no damage.
You closely miss the cerulean imp.
The cerulean imp hits you with a +3 spear.
Natasha closely misses you.
The cerulean imp hits you with a +0 spear.
* * * LOW HITPOINT WARNING * * *
The cerulean imp hits you with a +3 spear.
* * * LOW HITPOINT WARNING * * *
Natasha barely misses you.
The cerulean imp hits you with a +0 spear.
* * * LOW HITPOINT WARNING * * *
Press: ? - help, v - describe, . - travel
Here: a cerulean imp, wielding a +3 spear (summoned)
The floor.
You feel better. The cerulean imp barely misses you.
Natasha howls an incantation.
Natasha glows brightly for a moment.
Natasha claws you.
* * * LOW HITPOINT WARNING * * *
The cerulean imp hits you with a +0 spear.
You die...

##.### #......#.#
......
.........#.#
##.###
##.....#.#.# #
#####.#.#.# #
#...#.# # ##..#.#
# #####..#.## #
.....$....# ##
)......@..#
.#####
......55h.#
.....#
............#
...#.#
............#
..+#.#
...............
.....#
#........#+##.###
.....# #.#######
.. ....[# .... ##
.....###.########


You could see Natasha and 2 cerulean imps.

Vanquished Creatures
  Terence (D:3)
  2 adders
  A dart slug (D:1)
  3 endoplasms
  5 goblins
  2 hobgoblins (D:1)
  4 jackals (D:1)
  8 ball pythons
  3 bats
  2 frilled lizards (D:1)
  A kobold (D:1)
  6 rats
38 creatures vanquished.

Notes
Turn   | Place    | Note
-------+----------+-------------------------------------------
     0 | D:1      | qeuew the Tengu Gladiator began the quest for the Orb.
     0 | D:1      | Reached XP level 1. HP: 12/12 MP: 2/2
   124 | D:1      | Reached XP level 2. HP: 6/17 MP: 3/3
   395 | D:1      | Found a faded altar of an unknown god.
   613 | D:1      | Reached XP level 3. HP: 21/21 MP: 4/4
  1038 | D:2      | Reached skill level 1 in Armour
  1268 | D:3      | Found a shimmering altar of Xom.
  1272 | D:3      | Noticed Terence
  1282 | D:3      | Killed Terence
  1283 | D:3      | Reached skill level 4 in Dodging
  1283 | D:3      | Reached XP level 4. HP: 12/27 MP: 5/5
  1469 | D:3      | Noticed Natasha
  1475 | D:3      | HP: 1/27 [cerulean imp/+0 spear[Natasha] (2)]
  1476 | D:3      | Slain by a cerulean imp

Illustrated notes

Levels and vault maps discovered:
D:1:      onia_arrival_mini_maze, layout_basic,
          shapermc_ecumenical_altar_mp_highgroup
D:2:      layout_basic
D:3:      layout_basic, lemuel_doored_altar, minmay_randomly_rotated_circles,
          uniq_terence, uniq_grinder, uniq_natasha

Skill      XL: |  1  2  3 |
---------------+----------+-----
Armour         | 1 |  1.1
Dodging        | 4 |  4.0
Fighting       | |  2.5
Long Blades    | |  3.8
Throwing       | |  2.6
Evocations     | |  0.4

Action                     |  1- 3 |  4- 6 || total
---------------------------+-------+-------++-------
  Melee: Long sword        |    67 |     8 ||    75
         Peck              |    12 |       ||    12
         Kick              |    16 |     2 ||    18
  Throw: Throwing net      |     1 |       ||     1
    Use: Scroll            |     9 |       ||     9
         Potion            |       |     1 ||     1
   Stab: Sleeping          |     1 |       ||     1
         Held in net/web   |     1 |       ||     1
 Armour: Leather armour    |    17 |     4 ||    21
  Dodge: Dodged            |    41 |     5 ||    46

Table legend: (Time is in decaauts)
 A = Elapsed time spent in this place.
 B = Non-inter-level travel time spent in this place.
 C = Inter-level travel time spent in this place.
 D = Time resting spent in this place.
 E = Time spent auto-exploring this place.
 F = Levels seen in this place.
 G = Mean time per level.
                   A        B        C        D        E       F      G
               +--------+--------+--------+--------+--------+-----+--------+
         Total |   1492 |   1452 |     40 |      0 |   1205 |   3 |  497.3 |
       Dungeon |   1492 |   1452 |     40 |      0 |   1205 |   3 |  497.3 |
               +--------+--------+--------+--------+--------+-----+--------+

Top non-repeatable levels by time:
     D:1: 694 daAuts
     D:2: 493 daAuts
     D:3: 305 daAuts
